 Dungeon Crawl Stone Soup version 0.22-b1-21-g5cfc168 (webtiles) character file.

292 dvd the Firebug (level 6, -3/38 HPs)
             Began as an Octopode Fire Elementalist on Aug 5, 2018.
             Slain by a centaur skeleton (5 damage)
             ... on level 4 of the Dungeon.
             The game lasted 00:09:19 (3558 turns).

dvd the Firebug (Octopode Fire Elementalist)        Turns: 3558, Time: 00:09:19

Health: -3/38      AC:  1    Str:  7    XL:     6   Next: 33%
Magic:  0/10       EV: 14    Int: 19    God:
Gold:   191        SH:  0    Dex: 13    Spells: 4/11 levels left

rFire    . . .     SeeInvis .   a - +2 short sword (elec)
rCold    . . .     Gourm    .   (no shield)
rNeg     . . .     Faith    .   (helmet restricted)
rPois    .         Spirit   .   (no amulet)
rElec    .         Reflect  .   (no ring)
rCorr    .         Harm     .   (no ring)
MR       .....                  (no ring)
Stlth    +++.......             (no ring)
HPRegen  0.12/turn              (no ring)
MPRegen  0.12/turn              (no ring)
                                (no ring)
                                (no ring)

@: no status effects
A: almost no armour, stealthy swim, amphibious, 8 rings, constrict 8, camouflage
1, gelatinous body 1
a: no special abilities


You were on level 4 of the Dungeon.
You were not hungry.

You visited 1 branch of the dungeon, and saw 4 of its levels.

You collected 191 gold pieces.

Inventory:

Hand Weapons
 a - a +2 short sword of electrocution (weapon)
 c - a cursed -1 short sword
 j - a +0 long sword
 m - a +0 rapier
 q - a +2 short sword of draining
 r - a +2 morningstar of venom
Armour
 s - a +0 ring mail
 v - a +0 large shield
Scrolls
 d - a scroll of magic mapping {unknown}
 f - 2 scrolls of remove curse {unknown}
 g - a scroll of fog {unknown}
 h - 4 scrolls of identify {unknown}
 k - 3 scrolls of teleportation {unknown}
 u - a scroll of random uselessness {unknown}
Potions
 e - a potion of heal wounds {unknown}
 i - 2 potions of flight {unknown}
 l - 2 potions of curing {unknown}
 n - a potion of lignification {unknown}
 o - a potion of magic {unknown}
 t - a potion of berserk rage {unknown}
Comestibles
 b - 5 rations


   Skills:
 + Level 1.2 Fighting
 + Level 1.8 Short Blades
 + Level 2.8 Dodging
 - Level 3.1 Stealth
 + Level 3.2 Spellcasting
 + Level 2.5 Conjurations
 + Level 4.3 Fire Magic


You had 4 spell levels left.
You knew the following spells:

 Your Spells              Type           Power        Failure   Level  Hunger
a - Flame Tongue          Conj/Fire      ###..        3%          1    None
b - Throw Flame           Conj/Fire      ###...       5%          2    ##.....
c - Sticky Flame          Conj/Fire      ###.....     34%         4    ####...

Your spell library contained the following spells:

 Spells                   Type           Power        Failure   Level  Hunger
 Fireball                 Conj/Fire      ###.......   69%         5    ######.
 Conjure Flame            Conj/Fire      ###.....     11%         3    ###....
 Inner Flame              Hex/Fire       ##......     19%         3    ###....


Dungeon Overview and Level Annotations

Branches:
Dungeon (4/15)
 Temple: D:4-7

Altars:
Makhleb
Okawaru
Uskayaw


Innate Abilities, Weirdness & Mutations

You cannot wear most types of armour.
You are very stealthy in the water. (Stealth+)
You are amphibious.
You can wear up to eight rings at the same time.
You can use your tentacles to constrict eight enemies at once.
Your skin changes colour to match your surroundings (Stealth+).
Your rubbery body absorbs attacks. (AC +1, EV +1)


Message History

The centaur skeleton is moderately damaged.
The centaur skeleton hits you.
* * * LOW HITPOINT WARNING * * *
You puncture the centaur skeleton!
The centaur skeleton is heavily damaged.
The centaur skeleton hits you.
* * * LOW HITPOINT WARNING * * *
The centaur skeleton closely misses you.
You see here a scroll labeled DAFRAV YFISU.
Casting: Flame Tongue (safe; 3% risk of failure)
Confirm with . or Enter, or press ? or * to list all spells.
Aiming: Flame Tongue (safe; 3% risk of failure)
Press: ? - help, Shift-Dir - straight line, f - centaur skeleton
Aim: a centaur skeleton (heavily damaged)
The flame tongue hits the centaur skeleton.
The centaur skeleton is severely damaged.
The centaur skeleton hits you.
* * * LOW HITPOINT WARNING * * *
The centaur skeleton hits you.
You die...

#### #.. .# #.# .#
##############.##########.#
........................#.##
#####........#..@Z.........#
#.########..######.....####
#.# ....... #......... #.#
#......... #..#..#### #.#
#..##..###..#.....#### #.#
#.. #..# .##........ #.# #.
#..##........##### #..
#.#..##..# ##. ..#


You could see a centaur skeleton.

Vanquished Creatures
  A crimson imp (D:2)
  A hound (D:4)
  2 orc wizards (D:4)
  A worker ant (D:4)
  6 adders
  An ooze (D:2)
  2 worms (D:2)
  3 dart slugs
  3 leopard geckos
  6 orcs
  4 giant cockroaches
  7 goblins
  8 hobgoblins
  6 jackals
  2 ball pythons (D:2)
  5 bats
  3 frilled lizards
  7 kobolds
  13 rats
81 creatures vanquished.

Notes
Turn   | Place    | Note
-------+----------+-------------------------------------------
     0 | D:1      | dvd the Octopode Fire Elementalist began the quest for the Orb.
     0 | D:1      | Reached XP level 1. HP: 11/11 MP: 3/3
   107 | D:1      | Reached XP level 2. HP: 17/17 MP: 3/5
   131 | D:1      | Learned a level 2 spell: Throw Flame
   843 | D:1      | Reached XP level 3. HP: 21/21 MP: 3/6
  1427 | D:2      | Found an iron altar of Okawaru.
  1576 | D:2      | Reached XP level 4. HP: 27/27 MP: 5/7
  1705 | D:2      | Reached skill level 1 in Short Blades
  2081 | D:2      | Learned a level 4 spell: Sticky Flame
  2108 | D:2      | Reached XP level 5. HP: 22/32 MP: 3/8
  2333 | D:2      | Reached skill level 1 in Fighting
  2335 | D:2      | Found a faded altar of an unknown god.
  2393 | D:2      | Found a hide-covered altar of Uskayaw.
  2400 | D:2      | Found a burning altar of Makhleb.
  2973 | D:3      | Reached skill level 4 in Fire Magic
  3288 | D:4      | Reached XP level 6. HP: 25/38 MP: 6/10
  3558 | D:4      | Slain by a centaur skeleton

Skill      XL: |  1  2  3  4  5 |
---------------+----------------+-----
Stealth        | 3 |  3.1
Short Blades   | 1 |  1.8
Fighting       | 1 |  1.2
Fire Magic     | 4 |  4.3
Conjurations   | 2 |  2.5
Spellcasting   | 3 |  3.2
Dodging        | |  2.8

Action                   |  1- 3 |  4- 6 || total
-------------------------+-------+-------++-------
Melee: Short sword       |    30 |    42 ||    72
       Constrict         |     4 |    10 ||    14
       Tentacles         |     2 |     7 ||     9
 Cast: Flame Tongue      |    27 |    52 ||    79
       Throw Flame       |     7 |    16 ||    23
       Sticky Flame      |       |     1 ||     1
 Stab: Sleeping          |     9 |     4 ||    13
  Eat: Chunk             |     3 |     7 ||    10
Armor: Skin              |     4 |     1 ||     5
Dodge: Dodged            |    27 |    54 ||    81
